[ AOE2 MATCH · #465089286 ]
Team RMVietnamese vs Khmer
[ REPLAY ANALYSIS · EXTRACTED FROM THE RECORDED GAME ]
Feudal
13:15
Castle
23:33
Imperial
37:36
| APM avg | 15.6 |
| APM peak | 39 |
| eAPM avg | 10.0 |
| Villagers / military | 81 / 63 |
Focus
⚔️ 17.9% · 🌾 82.1%
Skirmisher ×20 · Petard ×16 · Archer ×15 · Mangonel ×8 · Monk ×2 · Spearman ×2
Feudal
16:12
Castle
24:19
Imperial
—
| APM avg | 9.4 |
| APM peak | 31 |
| eAPM avg | 7.0 |
| Villagers / military | 78 / 14 |
Focus
⚔️ 18.1% · 🌾 81.9%
Militia ×9 · Mangonel ×5
Feudal
20:04
Castle
32:17
Imperial
37:07
| APM avg | 11.2 |
| APM peak | 27 |
| eAPM avg | 9.8 |
| Villagers / military | 69 / 77 |
Focus
⚔️ 34.0% · 🌾 66.0%
Archer ×26 · Cavalry Archer ×19 · Skirmisher ×18 · Mangonel ×5 · Battle Elephant ×5 · Knight ×4
Feudal
10:30
Castle
19:35
Imperial
—
| APM avg | 40.8 |
| APM peak | 80 |
| eAPM avg | 21.8 |
| Villagers / military | 93 / 46 |
Focus
⚔️ 34.3% · 🌾 65.7%
Unknown (2550) ×23 · Petard ×22 · Skirmisher ×14 · Battering Ram ×9 · Unknown (2586) ×4 · Spearman ×1
Match map
Initial resources + every placement click. Lines = walls · curves = elevation contours. ◆ gold · ⬟ stone · ● berries · ✦ relic · ◌ wall gap
Your base· Open — unwalled flank
Peppe_04's base· ✓ Closed at 24:19 · 55t walls · 3 gate(s)
Gremistao's base· ✓ Closed at 32:17 · 37t walls · no gate
Flashheart's base· ✓ Closed at 19:35 · 15t walls · no gate
Smoothed initial terrain · ◌ = detected wall gap · hover for details
Inputs per minute
— Escudeiro Escroto - - Peppe_04
Build order — Escudeiro Escroto
First 150 of 218 actions detected
| 0:08 | Research | Loom |
| 0:11 | Build | House |
| 0:25 | Create | Villager (Male) |
| 0:25 | Create | Villager (Male) |
| 0:25 | Create | Villager (Male) |
| 0:26 | Create | Villager (Male) |
| 0:29 | Build | House |
| 0:31 | Build | House |
| 0:51 | Build | Palisade Wall |
| 2:26 | Create | Villager (Male) |
| 3:35 | Create | Villager (Male) |
| 3:35 | Create | Villager (Male) |
| 3:53 | Build | House |
| 4:30 | Build | Mill |
| 4:36 | Create | Villager (Male) |
| 4:37 | Create | Villager (Male) |
| 4:37 | Create | Villager (Male) |
| 5:23 | Create | Villager (Male) |
| 5:40 | Create | Villager (Male) |
| 5:46 | Create | Villager (Male) |
| 5:59 | Create | Villager (Male) |
| 6:20 | Create | Villager (Male) |
| 6:20 | Create | Villager (Male) |
| 6:45 | Build | Lumber Camp |
| 6:47 | Create | Villager (Male) |
| 6:47 | Create | Villager (Male) |
| 7:07 | Create | Villager (Male) |
| 7:08 | Create | Villager (Male) |
| 7:31 | Create | Villager (Male) |
| 7:43 | Create | Villager (Male) |
| 7:43 | Create | Villager (Male) |
| 8:21 | Create | Villager (Male) |
| 9:01 | Create | Villager (Male) |
| 9:15 | Build | House |
| 9:16 | Build | House |
| 9:18 | Build | House |
| 9:20 | Build | House |
| 9:22 | Build | House |
| 9:25 | Create | Villager (Male) |
| 9:54 | Create | Villager (Male) |
| 10:47 | Create | Villager (Male) |
| 11:03 | Research | Feudal Age |
| 11:05 | Research | Feudal Age |
| 11:29 | Build | Mill |
| 11:36 | Create | Villager (Male) |
| 11:37 | Create | Villager (Male) |
| 11:52 | Build | House |
| 11:53 | Build | House |
| 11:53 | Build | House |
| 11:55 | Build | House |
| 11:56 | Build | House |
| 11:57 | Build | House |
| 11:58 | Build | House |
| 11:58 | Build | House |
| 11:59 | Build | House |
| 11:59 | Build | House |
| 12:01 | Build | House |
| 12:25 | Create | Villager (Male) |
| 12:25 | Create | Villager (Male) |
| 12:25 | Create | Villager (Male) |
| 12:25 | Create | Villager (Male) |
| 12:57 | Create | Villager (Male) |
| 12:57 | Create | Villager (Male) |
| 13:15 | Age | Feudal Age |
| 13:21 | Build | Stone Wall |
| 13:24 | Create | Villager (Male) |
| 13:47 | Build | Mining Camp |
| 14:12 | Build | Farm |
| 14:13 | Build | Farm |
| 14:15 | Build | Farm |
| 14:16 | Build | Farm |
| 14:55 | Build | Farm |
| 14:58 | Build | Farm |
| 15:00 | Build | Farm |
| 15:06 | Create | Villager (Male) |
| 15:07 | Create | Villager (Male) |
| 15:23 | Build | Stone Wall |
| 15:38 | Build | Mining Camp |
| 15:49 | Create | Villager (Male) |
| 16:01 | Build | Lumber Camp |
| 16:05 | Create | Villager (Male) |
| 16:08 | Research | Wheelbarrow |
| 16:23 | Research | Gold Mining |
| 16:27 | Research | Horse Collar |
| 16:28 | Research | Double-Bit Axe |
| 17:44 | Build | Blacksmith |
| 17:53 | Create | Villager (Male) |
| 18:20 | Build | Barracks |
| 18:25 | Create | Villager (Male) |
| 18:25 | Create | Villager (Male) |
| 18:42 | Build | Market |
| 19:41 | Build | Farm |
| 19:44 | Build | Farm |
| 19:46 | Build | Farm |
| 19:49 | Build | Farm |
| 19:50 | Build | Farm |
| 19:53 | Build | Farm |
| 20:08 | Build | Gate |
| 20:13 | Build | Farm |
| 20:22 | Build | Lumber Camp |
| 20:52 | Build | Farm |
| 20:53 | Research | Castle Age |
| 21:17 | Build | Watch Tower |
| 21:33 | Create | Villager (Male) |
| 21:33 | Create | Villager (Male) |
| 21:34 | Create | Villager (Male) |
| 21:43 | Build | Archery Range |
| 21:44 | Build | Archery Range |
| 22:09 | Research | Forging |
| 22:09 | Research | Scale Mail Armor |
| 22:10 | Research | Fletching |
| 22:10 | Research | Padded Archer Armor |
| 22:22 | Create | Villager (Male) |
| 22:23 | Create | Villager (Male) |
| 22:46 | Build | Watch Tower |
| 23:28 | Create | Spearman |
| 23:29 | Create | Spearman |
| 23:33 | Age | Castle Age |
| 23:45 | Research | Hand Cart |
| 23:46 | Create | Villager (Male) |
| 23:55 | Build | Town Center |
| 24:07 | Build | University |
| 24:40 | Research | Elite Skirmisher (upgrade) |
| 24:45 | Build | Siege Workshop |
| 24:56 | Create | Villager (Male) |
| 24:56 | Create | Villager (Male) |
| 25:17 | Create | Villager (Male) |
| 25:17 | Create | Villager (Male) |
| 25:34 | Create | Villager (Male) |
| 25:34 | Create | Villager (Male) |
| 25:41 | Create | Mangonel |
| 25:49 | Build | Monastery |
| 25:59 | Build | Farm |
| 26:02 | Create | Villager (Male) |
| 26:02 | Create | Villager (Male) |
| 26:34 | Build | Farm |
| 26:36 | Build | Farm |
| 26:39 | Create | Villager (Male) |
| 26:39 | Create | Villager (Male) |
| 26:39 | Create | Villager (Male) |
| 26:39 | Create | Villager (Male) |
| 26:40 | Create | Villager (Male) |
| 26:51 | Create | Mangonel |
| 26:52 | Create | Mangonel |
| 26:55 | Create | Monk |
| 27:28 | Create | Mangonel |
| 27:34 | Create | Villager (Male) |
| 27:36 | Create | Villager (Male) |
| 27:49 | Create | Mangonel |
| 27:55 | Build | Archery Range |
Build order — Peppe_04
150 actions detected in the replay
| 0:01 | Create | Villager (Male) |
| 0:02 | Research | Loom |
| 0:02 | Create | Villager (Male) |
| 0:02 | Create | Villager (Male) |
| 0:04 | Build | House |
| 0:05 | Build | House |
| 0:31 | Create | Villager (Male) |
| 0:31 | Create | Villager (Male) |
| 0:55 | Build | Palisade Wall |
| 1:07 | Build | Palisade Wall |
| 1:14 | Build | Palisade Gate |
| 1:59 | Create | Villager (Male) |
| 1:59 | Create | Villager (Male) |
| 2:50 | Create | Villager (Male) |
| 2:50 | Create | Villager (Male) |
| 2:50 | Create | Villager (Male) |
| 4:05 | Build | Palisade Wall |
| 4:26 | Create | Villager (Male) |
| 4:26 | Create | Villager (Male) |
| 4:26 | Create | Villager (Male) |
| 4:27 | Create | Villager (Male) |
| 4:27 | Create | Villager (Male) |
| 5:06 | Build | Palisade Wall |
| 5:34 | Build | Palisade Wall |
| 5:40 | Build | Palisade Wall |
| 5:47 | Build | Palisade Wall |
| 5:55 | Build | House |
| 6:00 | Create | Villager (Male) |
| 6:01 | Create | Villager (Male) |
| 6:01 | Create | Villager (Male) |
| 6:01 | Create | Villager (Male) |
| 6:42 | Create | Villager (Male) |
| 6:42 | Create | Villager (Male) |
| 6:43 | Create | Villager (Male) |
| 7:03 | Build | House |
| 7:06 | Build | House |
| 7:10 | Build | House |
| 8:24 | Build | Lumber Camp |
| 8:50 | Build | Palisade Wall |
| 9:05 | Build | Palisade Gate |
| 9:19 | Create | Villager (Male) |
| 9:19 | Create | Villager (Male) |
| 9:20 | Create | Villager (Male) |
| 9:20 | Create | Villager (Male) |
| 9:20 | Create | Villager (Male) |
| 9:21 | Create | Villager (Male) |
| 9:52 | Build | Mill |
| 11:05 | Create | Villager (Male) |
| 11:05 | Create | Villager (Male) |
| 11:30 | Create | Villager (Male) |
| 12:01 | Build | Mining Camp |
| 14:02 | Research | Feudal Age |
| 14:09 | Build | Mining Camp |
| 15:03 | Build | Mill |
| 15:17 | Create | Villager (Male) |
| 15:18 | Create | Villager (Male) |
| 15:18 | Create | Villager (Male) |
| 15:18 | Create | Villager (Male) |
| 15:19 | Create | Villager (Male) |
| 16:12 | Age | Feudal Age |
| 16:13 | Build | Mill |
| 16:18 | Research | Horse Collar |
| 16:20 | Research | Double-Bit Axe |
| 16:40 | Build | Stone Wall |
| 16:54 | Build | Gate |
| 17:02 | Build | Blacksmith |
| 17:23 | Build | Market |
| 17:37 | Build | House |
| 17:38 | Build | House |
| 17:40 | Build | House |
| 17:42 | Build | House |
| 17:43 | Build | House |
| 17:44 | Build | House |
| 17:46 | Build | House |
| 17:50 | Create | Villager (Male) |
| 17:50 | Create | Villager (Male) |
| 17:50 | Create | Villager (Male) |
| 19:17 | Build | Farm |
| 19:20 | Build | Farm |
| 19:24 | Build | Farm |
| 19:29 | Build | Farm |
| 19:32 | Build | Farm |
| 19:37 | Build | Farm |
| 19:41 | Create | Villager (Male) |
| 19:42 | Create | Villager (Male) |
| 19:42 | Create | Villager (Male) |
| 19:42 | Create | Villager (Male) |
| 19:43 | Create | Villager (Male) |
| 20:30 | Build | Watch Tower |
| 21:01 | Create | Villager (Male) |
| 21:31 | Build | Watch Tower |
| 21:39 | Research | Castle Age |
| 22:19 | Create | Villager (Male) |
| 22:19 | Create | Villager (Male) |
| 22:20 | Create | Villager (Male) |
| 22:20 | Create | Villager (Male) |
| 22:20 | Create | Villager (Male) |
| 23:40 | Build | Outpost |
| 23:57 | Build | Stone Wall |
| 24:01 | Build | Gate |
| 24:19 | Age | Castle Age |
| 24:23 | Build | Farm |
| 24:24 | Build | Farm |
| 24:25 | Build | Farm |
| 24:26 | Build | Farm |
| 24:28 | Build | Farm |
| 24:29 | Build | Farm |
| 24:30 | Build | Farm |
| 24:31 | Build | Farm |
| 24:33 | Build | Farm |
| 24:41 | Build | Farm |
| 24:47 | Research | Heavy Plow |
| 24:49 | Research | Bow Saw |
| 25:02 | Build | Barracks |
| 25:13 | Build | Siege Workshop |
| 25:41 | Create | Militia ×5 |
| 25:48 | Build | Barracks |
| 25:50 | Build | Barracks |
| 26:10 | Create | Mangonel |
| 26:28 | Research | Man-at-Arms (upgrade) |
| 26:34 | Research | Forging |
| 26:35 | Research | Scale Mail Armor |
| 26:49 | Create | Militia |
| 26:49 | Create | Militia |
| 26:52 | Create | Mangonel |
| 26:58 | Create | Militia ×2 |
| 27:10 | Build | Town Center |
| 27:12 | Create | Villager (Male) |
| 27:12 | Create | Villager (Male) |
| 27:15 | Create | Villager (Male) |
| 29:01 | Research | Long Swordsman (upgrade) |
| 29:02 | Research | Squires |
| 29:03 | Research | Gambesons |
| 29:04 | Research | Arson |
| 29:10 | Create | Villager (Male) |
| 29:11 | Create | Villager (Male) |
| 29:11 | Create | Villager (Male) |
| 29:11 | Create | Villager (Male) |
| 29:12 | Create | Villager (Male) |
| 29:50 | Build | Gate |
| 31:03 | Create | Mangonel |
| 31:04 | Create | Mangonel |
| 31:09 | Create | Mangonel |
| 32:06 | Build | Town Center |
| 32:10 | Create | Villager (Male) ×5 |
| 32:11 | Create | Villager (Male) ×5 |
| 32:13 | Create | Villager (Male) ×5 |
| 32:13 | Create | Villager (Male) ×5 |
| 33:14 | Build | Farm |
| 33:15 | Build | Farm |
Build order — Gremistao
First 150 of 244 actions detected
| 0:06 | Build | House |
| 0:07 | Build | House |
| 0:40 | Build | House |
| 0:46 | Create | Villager (Male) |
| 0:46 | Create | Villager (Male) |
| 0:46 | Create | Villager (Male) |
| 0:46 | Create | Villager (Male) |
| 1:16 | Build | Outpost |
| 2:33 | Build | Lumber Camp |
| 3:36 | Create | Villager (Male) |
| 3:36 | Create | Villager (Male) |
| 3:37 | Create | Villager (Male) |
| 3:37 | Create | Villager (Male) |
| 3:37 | Create | Villager (Male) |
| 3:56 | Build | Palisade Wall |
| 5:02 | Build | Palisade Wall |
| 5:05 | Build | Palisade Wall |
| 5:38 | Build | House |
| 5:40 | Build | House |
| 5:43 | Build | House |
| 5:54 | Create | Villager (Male) |
| 5:54 | Create | Villager (Male) |
| 5:54 | Create | Villager (Male) |
| 7:42 | Create | Villager (Male) |
| 8:25 | Create | Villager (Male) |
| 8:26 | Create | Villager (Male) |
| 8:38 | Build | Mill |
| 9:16 | Create | Villager (Male) |
| 9:17 | Create | Villager (Male) |
| 9:25 | Build | Farm |
| 10:19 | Create | Villager (Male) |
| 10:19 | Create | Villager (Male) |
| 11:14 | Create | Villager (Male) |
| 11:14 | Create | Villager (Male) |
| 11:14 | Create | Villager (Male) |
| 11:33 | Build | Barracks |
| 12:04 | Create | Villager (Male) |
| 12:05 | Create | Villager (Male) |
| 12:05 | Create | Villager (Male) |
| 12:05 | Create | Villager (Male) |
| 12:43 | Build | Lumber Camp |
| 12:47 | Create | Villager (Male) |
| 12:47 | Create | Villager (Male) |
| 12:48 | Create | Villager (Male) |
| 14:18 | Build | Farm |
| 14:19 | Build | Farm |
| 14:20 | Build | Farm |
| 14:22 | Build | Farm |
| 15:35 | Create | Villager (Male) |
| 15:35 | Create | Villager (Male) |
| 15:36 | Create | Villager (Male) |
| 15:36 | Create | Villager (Male) |
| 16:07 | Build | Farm |
| 16:09 | Build | Farm |
| 16:10 | Build | Farm |
| 16:13 | Build | Farm |
| 17:39 | Build | House |
| 17:45 | Build | House |
| 17:54 | Research | Feudal Age |
| 17:55 | Research | Loom |
| 19:44 | Build | Mining Camp |
| 20:04 | Age | Feudal Age |
| 20:08 | Research | Double-Bit Axe |
| 20:12 | Research | Horse Collar |
| 20:20 | Research | Wheelbarrow |
| 20:21 | Research | Town Watch |
| 20:21 | Create | Villager (Male) |
| 20:22 | Create | Villager (Male) |
| 20:22 | Create | Villager (Male) |
| 20:22 | Create | Villager (Male) |
| 20:22 | Create | Villager (Male) |
| 20:23 | Create | Villager (Male) |
| 21:39 | Create | Villager (Male) |
| 21:40 | Create | Villager (Male) |
| 21:40 | Create | Villager (Male) |
| 21:40 | Create | Villager (Male) |
| 21:41 | Create | Villager (Male) |
| 22:09 | Build | Market |
| 22:42 | Build | Watch Tower |
| 22:58 | Build | Archery Range |
| 23:34 | Create | Skirmisher |
| 23:35 | Create | Skirmisher |
| 23:35 | Create | Skirmisher |
| 23:35 | Create | Skirmisher |
| 23:35 | Create | Skirmisher |
| 23:36 | Create | Skirmisher |
| 23:36 | Create | Archer |
| 23:36 | Create | Archer |
| 23:36 | Create | Archer |
| 23:53 | Create | Skirmisher |
| 23:53 | Create | Skirmisher |
| 23:54 | Create | Skirmisher |
| 24:06 | Build | Mining Camp |
| 24:21 | Build | Farm |
| 24:22 | Build | Farm |
| 24:25 | Build | Farm |
| 24:26 | Build | Farm |
| 24:28 | Build | Farm |
| 24:30 | Build | Farm |
| 24:32 | Build | Farm |
| 24:49 | Create | Archer |
| 24:50 | Create | Archer |
| 25:05 | Build | Stone Wall |
| 27:31 | Create | Archer |
| 27:31 | Create | Archer |
| 27:32 | Create | Archer |
| 27:49 | Build | Mill |
| 28:11 | Build | House |
| 28:12 | Build | House |
| 28:14 | Build | House |
| 28:16 | Build | House |
| 28:18 | Build | House |
| 28:27 | Create | Archer |
| 28:27 | Create | Archer |
| 28:27 | Create | Archer |
| 28:28 | Create | Archer |
| 28:56 | Build | Watch Tower |
| 29:31 | Research | Castle Age |
| 29:40 | Build | House |
| 29:41 | Build | House |
| 29:41 | Build | House |
| 29:42 | Build | House |
| 29:43 | Build | House |
| 29:43 | Build | House |
| 29:44 | Build | House |
| 29:44 | Build | House |
| 29:45 | Build | House |
| 30:29 | Build | Stone Wall |
| 30:30 | Build | Stone Wall |
| 30:34 | Build | Stone Wall |
| 30:42 | Create | Archer |
| 30:42 | Create | Archer |
| 30:43 | Create | Archer |
| 30:43 | Create | Archer |
| 31:06 | Build | Lumber Camp |
| 32:00 | Create | Villager (Male) |
| 32:00 | Create | Villager (Male) |
| 32:00 | Create | Villager (Male) |
| 32:00 | Create | Villager (Male) |
| 32:01 | Create | Villager (Male) |
| 32:01 | Create | Villager (Male) |
| 32:01 | Create | Villager (Male) |
| 32:02 | Create | Villager (Male) |
| 32:03 | Create | Villager (Male) |
| 32:03 | Create | Villager (Male) |
| 32:03 | Create | Villager (Male) |
| 32:04 | Create | Villager (Male) |
| 32:04 | Create | Villager (Male) |
| 32:04 | Create | Villager (Male) |
| 32:04 | Create | Villager (Male) |
Build order — Flashheart
First 150 of 277 actions detected
| 0:02 | Create | Villager (Male) |
| 0:02 | Create | Villager (Male) |
| 0:03 | Build | House |
| 0:06 | Build | House |
| 0:29 | Create | Villager (Male) |
| 0:30 | Create | Villager (Male) |
| 1:29 | Create | Villager (Male) |
| 1:29 | Create | Villager (Male) |
| 1:45 | Build | Settlement |
| 2:03 | Create | Villager (Male) |
| 2:49 | Create | Villager (Male) |
| 2:49 | Create | Villager (Male) |
| 2:49 | Create | Villager (Male) |
| 3:06 | Create | Villager (Male) |
| 3:48 | Build | Settlement |
| 4:18 | Create | Villager (Male) |
| 4:18 | Create | Villager (Male) |
| 4:27 | Create | Villager (Male) |
| 5:30 | Create | Villager (Male) |
| 6:03 | Create | Villager (Male) |
| 6:21 | Create | Villager (Male) |
| 6:37 | Create | Villager (Male) |
| 6:49 | Create | Villager (Male) |
| 7:15 | Create | Villager (Male) |
| 8:15 | Create | Villager (Male) |
| 8:18 | Research | Feudal Age |
| 8:35 | Create | Villager (Male) |
| 8:48 | Build | Barracks |
| 8:57 | Build | Barracks |
| 9:18 | Create | Villager (Male) |
| 9:18 | Create | Villager (Male) |
| 10:16 | Build | Farm |
| 10:20 | Build | Farm |
| 10:30 | Age | Feudal Age |
| 10:41 | Build | Settlement |
| 10:51 | Create | Villager (Male) |
| 10:55 | Create | Unit 2550 |
| 10:56 | Create | Unit 2550 |
| 11:08 | Build | House |
| 11:13 | Create | Unit 2550 |
| 11:15 | Build | Farm |
| 11:22 | Research | Double-Bit Axe |
| 11:24 | Create | Villager (Male) |
| 11:26 | Build | Farm |
| 11:30 | Build | Farm |
| 11:32 | Create | Villager (Male) |
| 11:43 | Create | Villager (Male) |
| 11:49 | Build | House |
| 11:53 | Build | Palisade Wall |
| 11:59 | Build | Settlement |
| 12:00 | Create | Villager (Male) |
| 12:14 | Create | Unit 2550 |
| 12:21 | Create | Villager (Male) |
| 12:29 | Create | Villager (Male) |
| 12:31 | Build | Farm |
| 12:34 | Create | Villager (Male) |
| 12:56 | Create | Villager (Male) |
| 13:10 | Create | Villager (Male) |
| 13:19 | Build | House |
| 13:23 | Build | Palisade Wall |
| 13:27 | Create | Villager (Male) |
| 13:35 | Create | Villager (Male) |
| 13:47 | Create | Villager (Male) |
| 13:55 | Create | Villager (Male) |
| 14:04 | Create | Villager (Male) |
| 14:21 | Build | Farm |
| 14:23 | Create | Villager (Male) |
| 14:33 | Build | Palisade Wall |
| 14:56 | Build | Gate |
| 15:28 | Create | Villager (Male) |
| 15:34 | Build | Farm |
| 15:44 | Research | Loom |
| 15:54 | Build | Blacksmith |
| 16:01 | Build | Market |
| 16:21 | Build | Farm |
| 16:24 | Build | Farm |
| 16:28 | Build | Farm |
| 16:38 | Create | Villager (Male) |
| 16:42 | Research | Loom |
| 16:53 | Build | Farm |
| 16:55 | Research | Castle Age |
| 16:58 | Build | Farm |
| 17:00 | Create | Unit 2550 |
| 17:00 | Create | Unit 2550 |
| 17:12 | Research | Forging |
| 17:13 | Research | Scale Mail Armor |
| 17:28 | Build | Stone Wall |
| 17:39 | Research | Horse Collar |
| 17:40 | Create | Villager (Male) |
| 17:57 | Build | Archery Range |
| 18:06 | Create | Villager (Male) |
| 18:13 | Build | Settlement |
| 18:26 | Build | Farm |
| 18:36 | Create | Villager (Male) |
| 18:41 | Research | Tech 1402 |
| 18:49 | Create | Villager (Male) |
| 19:00 | Create | Skirmisher |
| 19:00 | Create | Skirmisher |
| 19:00 | Create | Skirmisher |
| 19:03 | Build | Archery Range |
| 19:12 | Build | Settlement |
| 19:25 | Create | Villager (Male) |
| 19:31 | Build | Farm |
| 19:35 | Age | Castle Age |
| 20:01 | Create | Skirmisher |
| 20:01 | Create | Skirmisher |
| 20:02 | Create | Skirmisher |
| 20:45 | Create | Villager (Male) |
| 20:55 | Create | Villager (Male) |
| 20:55 | Create | Villager (Male) |
| 21:12 | Build | Siege Workshop |
| 21:16 | Create | Villager (Male) |
| 21:26 | Create | Villager (Male) |
| 21:34 | Research | Bow Saw |
| 21:39 | Create | Villager (Male) |
| 21:45 | Create | Villager (Male) |
| 21:48 | Create | Villager (Male) |
| 22:04 | Create | Battering Ram |
| 22:05 | Create | Battering Ram |
| 22:19 | Create | Battering Ram |
| 22:24 | Create | Skirmisher |
| 22:24 | Create | Skirmisher |
| 22:25 | Create | Skirmisher |
| 22:25 | Create | Skirmisher |
| 22:32 | Build | House |
| 22:52 | Research | Heavy Plow |
| 22:55 | Build | Farm |
| 22:55 | Build | Farm |
| 23:16 | Build | House |
| 23:23 | Create | Battering Ram |
| 23:39 | Build | House |
| 23:48 | Build | Farm |
| 23:51 | Create | Villager (Male) |
| 23:51 | Create | Villager (Male) |
| 24:05 | Build | House |
| 24:14 | Build | Town Center |
| 24:17 | Create | Villager (Male) |
| 24:17 | Create | Villager (Male) |
| 24:22 | Create | Skirmisher |
| 24:22 | Create | Skirmisher |
| 24:22 | Create | Skirmisher |
| 24:23 | Create | Skirmisher |
| 24:31 | Research | Padded Archer Armor |
| 24:31 | Research | Fletching |
| 24:39 | Create | Villager (Male) |
| 24:39 | Create | Villager (Male) |
| 25:02 | Research | Squires |
| 25:06 | Create | Spearman |
| 25:27 | Create | Villager (Male) |
| 26:31 | Create | Villager (Male) |
Match timeline
| 0:51 | Escudeiro Escroto · wall_segment Palisade Wall x14 |
| 0:55 | Peppe_04 · wall_segment Palisade Wall x8 |
| 1:07 | Peppe_04 · wall_segment Palisade Wall x7 |
| 3:56 | Gremistao · wall_segment Palisade Wall x11 |
| 4:05 | Peppe_04 · wall_segment Palisade Wall x8 |
| 5:02 | Gremistao · wall_segment Palisade Wall x3 |
| 5:05 | Gremistao · wall_segment Palisade Wall x3 |
| 5:06 | Peppe_04 · wall_segment Palisade Wall x4 |
| 5:34 | Peppe_04 · wall_segment Palisade Wall x2 |
| 5:40 | Peppe_04 · wall_segment Palisade Wall x7 |
| 5:47 | Peppe_04 · wall_segment Palisade Wall x9 |
| 8:48 | Flashheart · first_building Barracks |
| 8:50 | Peppe_04 · wall_segment Palisade Wall x7 |
| 10:30 | Flashheart · age_up feudal |
| 11:33 | Gremistao · first_building Barracks |
| 11:53 | Flashheart · wall_segment Palisade Wall x5 |
| 13:15 | Escudeiro Escroto · age_up feudal |
| 13:21 | Escudeiro Escroto · wall_segment Stone Wall x13 |
| 13:23 | Flashheart · wall_segment Palisade Wall x5 |
| 14:33 | Flashheart · wall_segment Palisade Wall x5 |
| 15:23 | Escudeiro Escroto · wall_segment Stone Wall x6 |
| 16:12 | Peppe_04 · age_up feudal |
| 16:40 | Peppe_04 · wall_segment Stone Wall x10 |
| 17:28 | Flashheart · wall_segment Stone Wall x1 |
| 17:57 | Flashheart · first_building Archery Range |
| 18:20 | Escudeiro Escroto · first_building Barracks |
| 19:35 | Flashheart · age_up castle |
| 20:04 | Gremistao · age_up feudal |
| 21:12 | Flashheart · first_building Siege Workshop |
| 21:43 | Escudeiro Escroto · first_building Archery Range |
| 22:58 | Gremistao · first_building Archery Range |
| 23:33 | Escudeiro Escroto · age_up castle |
| 23:57 | Peppe_04 · wall_segment Stone Wall x4 |
| 24:19 | Peppe_04 · age_up castle |
| 24:45 | Escudeiro Escroto · first_building Siege Workshop |
| 25:02 | Peppe_04 · first_building Barracks |
| 25:05 | Gremistao · wall_segment Stone Wall x18 |
| 25:13 | Peppe_04 · first_building Siege Workshop |
| 25:49 | Escudeiro Escroto · first_building Monastery |
| 28:28 | Escudeiro Escroto · first_building Castle |
| 29:09 | Flashheart · first_building Castle |
| 29:24 | Gremistao · first_market_sell 100 wood |
| 30:29 | Gremistao · wall_segment Stone Wall x1 |
| 30:30 | Gremistao · wall_segment Stone Wall x1 |
| 30:34 | Gremistao · wall_segment Stone Wall x4 |
| 32:17 | Gremistao · age_up castle |
| 34:23 | Escudeiro Escroto · first_market_sell 100 wood |
| 34:25 | Peppe_04 · resign |
| 35:25 | Gremistao · first_market_buy 100 wood |
| 36:23 | Gremistao · first_building Siege Workshop |
| 37:07 | Gremistao · age_up imperial |
| 37:36 | Escudeiro Escroto · age_up imperial |
| 37:40 | Gremistao · first_building Stable |
[ AI ANALYSIS · 1 CREDIT ]
What really happened in this match?
Wolo.gg analyzes every decision: build order, eco, micro, common mistakes by bracket. Personalized analysis on WhatsApp or Discord in 30 seconds.
Civ guide
Vietnamese
Map guide
Black Forest
Perfil
Jugador #3016887